 Dungeon Crawl Stone Soup version 0.26-a0-466-g989023bd0d (webtiles) character file.

Game seed: 6849614714649268627

160 Inarius the Cutter (level 5, -5/32 HPs)
             Began as a Kobold Wanderer on Aug 14, 2020.
             Killed by divine providence
             ... invoked by an orc priest
              (16 damage)
             ... on level 3 of the Dungeon.
             The game lasted 00:04:37 (3403 turns).

Inarius the Cutter (Kobold Wanderer)                Turns: 3403, Time: 00:04:38

Health: -5/32      AC:  2    Str: 10    XL:     5   Next: 69%
Magic:  6/6        EV: 15    Int: 12    God:
Gold:   88         SH:  0    Dex: 16    Spells: 6/6 levels left

rFire    . . .     SeeInvis .   a - +2 short sword
rCold    . . .     Faith    .   (shield restricted)
rNeg     . . .     Spirit   .   c - +0 robe
rPois    .         Reflect  .   (no helmet)
rElec    .         Harm     .   (no cloak)
rCorr    .                      (no gloves)
MR       .....                  (no boots)
Stlth    +++.......             (no amulet)
HPRegen  0.10/turn              (no ring)
MPRegen  0.10/turn              (no ring)

@: no status effects
A: small, deterioration 1, mutation resistance 1, nightstalker 3
a: no special abilities


You were on level 3 of the Dungeon.
You visited 1 branch of the dungeon, and saw 3 of its levels.

You collected 88 gold pieces.

Inventory:

Hand Weapons
 a - a +2 short sword (weapon)
Armour
 c - a +0 robe (worn)
Scrolls
 d - a scroll of identify
 f - a scroll of enchant weapon
 g - a scroll of fear
 h - a scroll of amnesia
 j - a scroll of immolation
 m - a scroll of enchant armour
Potions
 b - 3 potions of curing
 e - a potion of ambrosia {unknown}
 i - a potion of heal wounds {unknown}
 k - a potion of invisibility {unknown}
 l - 2 potions of brilliance {unknown}


   Skills:
 + Level 3.2 Fighting
 * Level 5.5 Short Blades
 + Level 1.1 Throwing
 + Level 1.9 Dodging
 + Level 3.3 Stealth
 - Level 1.1 Spellcasting
   Level 2.0 Earth Magic


You had 6 spell levels left.
You didn't know any spells.
Your spell library was empty.

Dungeon Overview and Level Annotations

Branches:
Dungeon (3/15)

Altars:

Annotations:
D:3 Ijyb


Innate Abilities, Weirdness & Mutations

You are small and have problems with some larger weapons.
You are completely attuned to the shadows.
Your body sometimes deteriorates upon taking damage.
You are somewhat resistant to further mutation.


Message History

You barely miss the orc priest.
The orc priest is heavily wounded.
The orc priest mumbles some strange prayers to Beogh against you.
Beogh smites you!
You hear an angry hiss.
You barely miss the orc priest.
The orc priest is heavily wounded.
You hear an angry hiss. x2
You hit the orc priest but do no damage.
The orc priest is heavily wounded.
The orc priest closely misses you.
You hit the orc priest but do no damage.
The orc priest is heavily wounded.
The orc priest splashes around in the water.
It was a potion of mutation.
You feel extremely strange.
You feel yourself wasting away.
You feel genetically stable.
The orc priest mumbles some strange prayers to Beogh against you.
Beogh smites you!
Ouch! That really hurt!
You die...

**,,,,,,,,,,**,,,,,,,,,,,^,*,,,
**,,,,,,,,,,,,,,***,,,,*,,,*,,,,
*,,,,,,,,,,,,,,** ****,,,,,,,,,,
*,,,,>,,,,,,,,,*#### **,,,,,,,,,
*,,,,,,,,,,,,,##...#**≈≈,*,,,,,,
**,,,,,,,,,,,,,#≈≈..≈**≈≈*,,,,,,,
,*,,,,,,,,,,,,,#.≈#≈≈≈*≈≈**,,,,,*
,**,,,,,,,,,,,,#o≈#≈≈≈*≈≈*,,,,,,*
....,,,.,,,,,,*#@≈#≈,≈*≈≈**,,,,**
....##.#****,.,#.≈#≈∩≈*≈≈**,,,,**
#<...#.###**##.#.≈#≈,≈*≈≈*,,,,,,,
#........,,,...#.≈#≈,≈*≈≈*,,,,,,,
.....#.###*###..≈.#*≈,,≈≈*,,,,,,,
.........###...≈.≈#**,,,**,,,,,,,
....##.#.........##******,,,,,,,,
....##..#...........,,,,**,,,,,,,
....###....##....###*,,,,,,,,,,,,


You could see an orc priest.

Vanquished Creatures
  Terence (D:2)
  5 adders
  3 worms
  4 dart slugs
  4 leopard geckos
  An orc (D:2)
  4 ball pythons
  7 bats
  4 giant cockroaches (D:1)
  4 goblins
  10 hobgoblins
  5 jackals (D:2)
  A quokka (D:3)
  3 frilled lizards
  6 kobolds
  7 rats
69 creatures vanquished.

Notes
Turn   | Place    | Note
-------+----------+-------------------------------------------
     0 | D:1      | Inarius the Kobold Wanderer began the quest for the Orb.
     0 | D:1      | Inarius set off with the following items: a +2 short sword,
                  | 2 potions of curing, a +0 robe
     0 | D:1      | Reached XP level 1. HP: 12/12 MP: 2/2
    26 | D:1      | Reached skill level 3 in Short Blades
   188 | D:1      | Reached XP level 2. HP: 18/18 MP: 3/3
   364 | D:1      | Reached XP level 3. HP: 22/22 MP: 4/4
   378 | D:1      | Reached skill level 4 in Short Blades
   793 | D:2      | Reached XP level 4. HP: 25/28 MP: 5/5
  2154 | D:2      | Reached XP level 5. HP: 19/32 MP: 6/6
  2453 | D:2      | Reached skill level 5 in Short Blades
  2629 | D:2      | Noticed Terence
  2636 | D:2      | Killed Terence
  3244 | D:3      | Found a faded altar of an unknown god.
  3269 | D:3      | Noticed Ijyb
  3403 | D:3      | Gained mutation: Your body sometimes deteriorates upon
                  | taking damage. [potion of mutation]
  3403 | D:3      | Gained mutation: You are somewhat resistant to further
                  | mutation. [potion of mutation]
  3403 | D:3      | Killed from afar by an orc priest

Illustrated notes

Levels and vault maps discovered:
D:1:      lightli_arrival_chessboard, layout_basic
D:2:      minmay_angry_zag, layout_loops_ring, uniq_terence
D:3:      layout_rooms, chequers_ecumenical_altar_simple, gup_sewer_entry_pipe,
          uniq_ijyb

Skill      XL: |  1  2  3  4  5 |
---------------+----------------+-----
Short Blades   | 3 4 5 |  5.5
Stealth        | 2 3 |  3.3
Fighting       | 3 |  3.2
Throwing       | |  1.1
Dodging        | |  1.9
Spellcasting   | |  1.1
Earth Magic    | |  2.0

Action                   |  1- 3 |  4- 6 || total
-------------------------+-------+-------++-------
Melee: Short sword       |    57 |   166 ||   223
  Use: Scroll            |       |     6 ||     6
       Potion            |       |     1 ||     1
 Stab: Sleeping          |     8 |     6 ||    14
       Distracted        |     1 |     1 ||     2
Armor: Robe              |     7 |    13 ||    20
Dodge: Dodged            |    40 |    90 ||   130

Table legend: (Time is in decaauts)
 A = Elapsed time spent in this place.
 B = Non-inter-level travel time spent in this place.
 C = Inter-level travel time spent in this place.
 D = Time resting spent in this place.
 E = Time spent auto-exploring this place.
 F = Levels seen in this place.
 G = Mean time per level.
                   A        B        C        D        E       F      G
               +--------+--------+--------+--------+--------+-----+--------+
         Total |   3381 |   3327 |     54 |   1284 |   1441 |   3 | 1127.0 |
       Dungeon |   3381 |   3327 |     54 |   1284 |   1441 |   3 | 1127.0 |
               +--------+--------+--------+--------+--------+-----+--------+

Top non-repeatable levels by time:
     D:2: 2157 daAuts
     D:1: 932 daAuts
     D:3: 291 daAuts
